 Dungeon Crawl Stone Soup version 0.13-a0-2382-gbc6a47d (webtiles) character file.

6497 MrPlanck the Nimble (level 10, -5/72 HPs)
             Began as a Demonspawn Chaos Knight on July 14, 2013.
             Was a Priest of Makhleb.
             Slain by a vampire
             ... wielding a +2,+3 dwarven broad axe of flaming
              (10 damage)
             ... in a volcano.
             The game lasted 01:06:45 (9791 turns).

MrPlanck the Nimble (Demonspawn Chaos Knight)       Turns: 9791, Time: 01:06:46

HP  -5/72        AC 12     Str 17      XL: 10   Next: 59%
MP  13/13        EV 17     Int 21      God: Makhleb [***...]
Gold 354         SH 10     Dex 14      Spells:  0 memorised,  9 levels left

Res.Fire  : . . .   See Invis. : .   L - -1,+1 orc trident
Res.Cold  : + . .   Warding    : .   b - +3 leather armour
Life Prot.: . . .   Conserve   : .   A - +1 buckler
Res.Poison: .       Res.Corr.  : +   a - +1 helmet "Reameide" {Str+3 Int+5}
Res.Elec. : .       Clarity    : .   (no cloak)
Sust.Abil.: . .     Spirit.Shd : .   (no gloves)
Res.Mut.  : .       Stasis     : .   (no boots)
Res.Rott. : .       Flight     : .   (no amulet)
Saprovore : . . .                    (no ring)
                                     z - cursed +2 ring of strength

@: somewhat resistant to hostile enchantments, quite stealthy
A: talons 1, cold resistance 1, nightstalker 1, screaming 1, spit poison 1,
evolution 2, AC +4
a: Spit Poison, Minor Destruction, Lesser Servant of Makhleb, Renounce Religion


You were in a volcano.
You worshipped Makhleb.
Makhleb was greatly pleased with you.
You were very hungry.

You visited 3 branches of the dungeon, and saw 11 of its levels.
You also visited: Sewer, Ossuary and Volcano.

You collected 454 gold pieces.
You spent 120 gold pieces at shops.

Inventory:

Hand weapons
 f - a cursed +0,+0 elven dagger
 g - a +0,+0 dagger
 r - a +0,+3 demon whip of flaming
 y - a +3,+2 spear of venom
 L - a -1,+1 orcish trident (weapon)
Missiles
 c - 18 darts (quivered)
 e - 36 stones
 i - 27 sling bullets
 o - 7 poisoned needles
 x - a throwing net
Armour
 a - the cursed +1 helmet "Reameide" (worn) {Str+3 Int+5}
   (You found it on level 1 of the Lair of Beasts)

   It affects your strength (+3).
   It affects your intelligence (+5).
   It has a curse placed upon it.
 b - a +3 leather armour (worn)
 p - a cursed +0 ring mail
 A - a +1 buckler (worn)
 E - a +1 animal skin of fire resistance
 F - a +2 orcish robe of fire resistance
Magical devices
 k - a wand of lightning (6)
 l - a wand of random effects (13) {unknown}
 q - a wand of flame (12)
 t - a wand of frost (13)
Comestibles
 d - 2 bread rations
 v - an apple
 w - a banana
Jewellery
 j - an uncursed ring of sustenance {unknown}
 z - a cursed +2 ring of strength (left hand)
Potions
 h - a potion of curing
 m - a potion of slowing {unknown}
 s - 2 potions of porridge
 u - a potion of flight
 C - 2 potions of berserk rage {unknown}
 D - a potion of resistance {unknown}
 H - a potion of brilliance
Miscellaneous
 n - a lantern of shadows
 B - an ornate deck of changes {the Shadow}


   Skills:
 + Level 5.3 Fighting
 + Level 7.8 Polearms
 - Level 1.1 Throwing
 - Level 3.0 Armour
 * Level 10.1 Dodging
 + Level 4.6 Stealth
 + Level 2.7 Shields
 + Level 1.5 Traps
 + Level 2.0 Invocations
 + Level 0.9 Evocations


You had 9 spell levels left.
You didn't know any spells.

Dungeon Overview and Level Annotations

Branches:
Dungeon (8/27)             Temple (1/1) D:7            Lair (2/8) D:8
    Orc: D:6-11

Altars:
Cheibriados
Makhleb
Nemelex Xobeh

Shops:
D:6: *!

Annotations
D:5 Edmund, Sigmund


Innate Abilities, Weirdness & Mutations

You have sharp toenails.
You are completely covered in yellow scales (AC +4, rCorr).
Your flesh is cold resistant.
You are slightly more attuned to the shadows.
You occasionally shout uncontrollably.
You can spit poison.
You rapidly evolve.


Message History

Press: ? - help, Dir - move target cursor You could not reach far enough!
It closely misses your smoke demon. It hits your ufetubus.
It burns your ufetubus.
Your ufetubus dies!
It barely misses your smoke demon.
Attack whom?
Press: ? - help, Dir - move target cursor You could not reach far enough!
It hits your smoke demon! It burns your smoke demon.
Your smoke demon dies!
You barely miss it.
You hear some strange, mumbled words.
Something tries to affect you, but you resist.
You barely miss it. You claw it. It hits you! It burns you.
It barely misses you.
You completely miss it. Your kick misses it.
Unholy energy fills the air.
You hit it. You claw it. It hits you!
* * * LOW HITPOINT WARNING * * *
It burns you!
You die...

#......# ###
........ ##..
#.#..#.####≈.. ##+##
#......'...... #..^#
#####.#..#.####§..
#...#
...z..........####.
#..^# #####......###
#§
#'#######...##.##.##
##
###..'.'..'@...#z##.
#
#.'..###########.##.
####'#...#...#...##.
#..#...'...#...# .
#..'...#^..+...#
################


There were no monsters in sight!

Vanquished Creatures
  2 spiny frogs
  A komodo dragon (Lair:2)
  A fire drake (Lair:2)
  Prince Ribbit (D:5)
  2 minotaur skeletons (Volcano)
  A two-headed ogre (D:7)
  A blink frog (Lair:1)
  A flying skull (Volcano)
  2 hippogriffs (Lair:2)
  A spriggan skeleton (Volcano)
  2 porcupines (Lair:1)
  3 giant goldfish (D:8)
  3 centaurs
  2 phantoms
  5 ogres
  A crocodile (Lair:2)
  A water moccasin (Lair:1)
  Duvessa (D:5)
  A draconian skeleton (Volcano)
  5 giant frogs
  A jellyfish (D:8)
  2 wights (D:6)
  A yak skeleton (D:8)
  3 electric eels (D:8)
  Dowan (D:5)
  A troll skeleton (Volcano)
  A crimson imp (D:8)
  An orc priest (D:6)
  A scorpion (D:7)
  7 hounds
  An iguana (D:5)
  An orc wizard (D:6)
  A worker ant (D:6)
  2 big kobold zombies (Ossuary)
  7 sheep (Lair:2)
  A sky beast zombie (D:6)
  2 ogre skeletons (Volcano)
  4 mummies
  10 gnolls
  11 green rats
  7 adders
  6 giant mites
  2 worms (D:4)
  An iguana skeleton (D:7)
  3 adder zombies (Ossuary)
  6 grey rats (Sewer)
  2 giant eyeballs
  2 oozes
  10 orcs
  7 ball pythons
  11 giant cockroaches
  9 hobgoblins
  8 jackals
  12 kobolds
  8 quokkas
  13 bats
  4 giant geckos
  A giant gecko skeleton (D:6)
  10 giant newts
  12 goblins
  9 hobgoblin zombies (Ossuary)
  A jackal zombie (Ossuary)
  A kobold skeleton (D:4)
  6 kobold zombies (Ossuary)
  11 orc zombies (Ossuary)
  18 rats
  2 rat zombies (Ossuary)
278 creatures vanquished.

Vanquished Creatures (collateral kills)
  A guardian mummy (Volcano)
  2 vampires (Volcano)
  An ogre (D:4)
  A centaur zombie (Ossuary)
  An orc priest (D:4)
  An adder zombie (Ossuary)
  A jackal (D:4)
  A quokka (D:4)
9 creatures vanquished.

Vanquished Creatures (others)
  A smoke demon (Volcano)
  3 ynoxinuls (Volcano)
  A neqoxec (Volcano)
  A quasit (Volcano)
  A shadow imp (Volcano)
  10 ufetubi (Volcano)
  An orc (D:8)
  A plant (Lair:2)
19 creatures vanquished.

Grand Total: 306 creatures vanquished

Notes
Turn   | Place    | Note
--------------------------------------------------------------
     0 | D:1      | MrPlanck, the Demonspawn Chaos Knight, began the quest for the Orb.
     0 | D:1      | Reached XP level 1. HP: 16/16 MP: 1/1
    61 | D:1      | Reached skill level 1 in Dodging
   198 | D:1      | Gained mutation: Your flesh is cold resistant. [demonic ancestry]
   198 | D:1      | Reached XP level 2. HP: 12/22 MP: 2/2
   254 | D:1      | XOM: divination: detect creatures
   286 | D:1      | XOM: divination: detect creatures
   513 | D:1      | XOM: divination: detect items
   598 | D:1      | Upgraded the game from 0.13-a0-2368-g1f063cc to 0.13-a0-2382-gbc6a47d
   709 | D:1      | Gained mutation: You are partially covered in yellow scales (AC +2). [demonic ancestry]
   709 | D:1      | Reached XP level 3. HP: 28/28 MP: 3/3
   966 | D:2      | XOM: harmless Divn miscast
  1344 | D:2      | XOM: harmless Ice miscast
  1353 | D:2      | XOM: colour smoke trail
  1718 | D:3      | XOM: summons 4 hostile shadow creatures
  1719 | D:3      | Noticed a centaur
  1807 | D:3      | XOM: confusion
  1823 | D:3      | Gained mutation: You are mostly covered in yellow scales (AC +3). [demonic ancestry]
  1823 | D:3      | Reached XP level 4. HP: 18/34 MP: 4/4
  2252 | D:3      | XOM: medium Divn miscast
  2436 | D:4      | XOM: harmless Tloc miscast
  2443 | D:4      | Gained mutation: You have sharp toenails. [demonic ancestry]
  2443 | D:4      | Reached XP level 5. HP: 22/40 MP: 5/5
  2623 | D:4      | XOM: 1-stop teleportation journey
  2636 | D:4      | Noticed a phantom
  2637 | D:4      | Found a sand-covered staircase.
  2645 | Ossuary  | Entered an ossuary
  2924 | Ossuary  | XOM: confusion (+ monsters)
  2930 | Ossuary  | XOM: blink monster(s)
  2941 | Ossuary  | XOM: mild Trmt miscast
  2997 | Ossuary  | XOM: blink monster(s)
  2999 | Ossuary  | XOM: enchant monster (bad)
  3005 | Ossuary  | XOM: medium Conj miscast
  3009 | Ossuary  | XOM: mild Erth miscast
  3042 | Ossuary  | XOM: draining
  3099 | Ossuary  | XOM: mild Hex miscast
  3201 | Ossuary  | Paralysed by a potion of paralysis for 4 turns
  3264 | Ossuary  | Reached skill level 4 in Polearms
  3264 | Ossuary  | Reached XP level 6. HP: 37/46 MP: 6/6
  3292 | Ossuary  | XOM: colour smoke trail
  3299 | D:4      | XOM: noise
  3311 | D:4      | XOM: vitrification
  3330 | D:3      | XOM: god gift: potion of restore abilities
  3335 | D:3      | XOM: summons friendly ufetubus
  3348 | D:3      | Killed a phantom
  3348 | D:3      | Reached skill level 1 in Stealth
  3463 | D:4      | Noticed an ogre
  3470 | D:4      | Killed an ogre
  3561 | D:4      | Noticed an ogre
  3571 | D:4      | Killed an ogre
  3695 | D:4      | Noticed an ogre
  3699 | D:4      | XOM: potion effect (brilliance)
  3701 | D:4      | Killed an ogre
  3701 | D:4      | Gained mutation: You are slightly more attuned to the shadows. [demonic ancestry]
  3701 | D:4      | Reached XP level 7. HP: 52/52 MP: 7/7
  3705 | D:4      | XOM: give mutations
  3705 | D:4      | Gained mutation: You evolve. [Xom's grace]
  3705 | D:4      | Gained mutation: You rapidly evolve. [Xom's grace]
  3705 | D:4      | Gained mutation: You can spit poison. [Xom's grace]
  3861 | D:4      | XOM: divination: detect creatures
  3901 | D:5      | Entered Level 5 of the Dungeon
  3901 | D:5      | Noticed Duvessa
  3901 | D:5      | Noticed Dowan
  3908 | D:5      | XOM: noise
  3921 | D:5      | XOM: potion effect (curing)
  3931 | D:5      | Killed Duvessa
  3931 | D:5      | Reached skill level 5 in Polearms
  3934 | D:5      | XOM: mild Hex miscast
  3936 | D:5      | XOM: potion effect (invisibility)
  3942 | D:5      | Killed Dowan
  4066 | D:5      | XOM: harmless Ice miscast
  4276 | D:5      | Noticed Sigmund
  4367 | D:5      | Noticed Prince Ribbit
  4370 | D:5      | XOM: enchant monster (good)
  4392 | D:5      | Killed Prince Ribbit
  4392 | D:5      | Reached skill level 1 in Throwing
  4392 | D:5      | Reached skill level 5 in Dodging
  4405 | D:5      | Noticed Edmund
  4472 | D:5      | Reached skill level 1 in Traps
  4520 | D:6      | XOM: mild Tloc miscast
  4531 | D:6      | Reached XP level 8. HP: 39/58 MP: 8/8
  4542 | D:6      | XOM: colour smoke trail
  4672 | D:6      | XOM: blink monster(s)
  4736 | D:6      | Found a glowing drain.
  4771 | Sewer    | Entered a sewer
  5154 | Sewer    | XOM: colour smoke trail
  5349 | D:6      | XOM: divination: magic mapping
  5467 | D:6      | XOM: enchant monster (bad)
  5498 | D:6      | XOM: scenery: 1 doors open
  5621 | D:6      | XOM: enchant monster (good)
  5646 | D:6      | Found Reuroh's General Store.
  5675 | D:6      | Found Gherchin's Distillery.
  5681 | D:6      | Bought a potion of curing for 30 gold pieces
  5681 | D:6      | Bought a potion of curing for 30 gold pieces
  5681 | D:6      | Bought a potion of curing for 30 gold pieces
  5681 | D:6      | Bought a potion of curing for 30 gold pieces
  5865 | D:6      | Reached skill level 6 in Dodging
  5871 | D:6      | XOM: god gift: ornate deck of cards {god gift}
  6045 | D:6      | XOM: god gift: lantern of shadows
  6153 | D:7      | Paralysed by a giant eyeball for 4 turns
  6158 | D:7      | Found a burning altar of Makhleb.
  6166 | D:7      | Found a snail-covered altar of Cheibriados.
  6182 | D:7      | Noticed a two-headed ogre
  6226 | D:7      | Fell from the grace of Xom
  6226 | D:7      | Became a worshipper of Makhleb the Destroyer
  6235 | D:7      | XOM: noise
  6254 | D:7      | Killed a two-headed ogre
  6254 | D:7      | Reached skill level 1 in Shields
  6490 | D:7      | Found a staircase to the Ecumenical Temple.
  6499 | D:7      | Found a sparkling altar of Nemelex Xobeh.
  6552 | D:7      | Acquired Makhleb's first power
  6644 | D:7      | Reached XP level 9. HP: 64/64 MP: 9/9
  6859 | Temple   | Entered the Ecumenical Temple
  6923 | D:8      | Reached skill level 7 in Dodging
  7402 | D:8      | Noticed a spiny frog
  7410 | D:8      | Killed a spiny frog
  7410 | D:8      | Acquired Makhleb's second power
  7410 | D:8      | Reached skill level 8 in Dodging
  7527 | D:8      | Found a staircase to the Lair.
  7556 | Lair:1   | Entered Level 1 of the Lair of Beasts
  7772 | Lair:1   | Reached skill level 1 in Invocations
  8086 | Lair:1   | Noticed a black mamba
  8129 | Lair:1   | Got a steaming helmet
  8132 | Lair:1   | Identified the cursed +1 helmet "Reameide" {Str+3 Int+5} (You found it on level 1 of the Lair of Beasts)
  8145 | Lair:1   | Noticed a spiny frog
  8178 | Lair:1   | Killed a spiny frog
  8329 | Lair:1   | Gained mutation: You occasionally shout uncontrollably. [evolution]
  8565 | Lair:1   | Gained mutation: You are completely covered in yellow scales (AC +4, rCorr). [demonic ancestry]
  8565 | Lair:1   | Reached XP level 10. HP: 72/72 MP: 12/12
  8655 | Lair:1   | Reached skill level 9 in Dodging
  8829 | Lair:2   | Reached skill level 5 in Fighting
  8982 | Lair:2   | Acquired Makhleb's third power
  9190 | Lair:2   | Found a dark tunnel.
  9229 | Volcano  | Entered a volcano
  9676 | Volcano  | Reached skill level 10 in Dodging
  9791 | Volcano  | Slain by a vampire

Action                   |  1- 3 |  4- 6 |  7- 9 | 10-12 || total
-------------------------+-------+-------+-------+-------++-------
Melee: Spear             |   169 |   279 |   553 |   215 ||  1216
       Trident           |       |       |       |    59 ||    59
Throw: Dart              |     5 |    14 |     5 |       ||    24
       Throwing net      |       |     1 |       |       ||     1
       Dagger            |       |       |     2 |       ||     2
       Club              |       |       |     1 |       ||     1
       Stone             |       |       |     1 |       ||     1
Invok: Minor Destruction |       |       |     9 |       ||     9
       Lesser Servant of |       |       |       |     7 ||     7
 Abil: Spit Poison       |       |       |     1 |       ||     1
Evoke: Wand              |       |       |     7 |     4 ||    11
  Use: Scroll            |     6 |     3 |    15 |       ||    24
       Potion            |     3 |     5 |     5 |    10 ||    23
 Stab: Paralysed         |     1 |     4 |       |       ||     5
       Confused          |       |     1 |       |       ||     1
       Distracted        |       |     1 |     1 |       ||     2
       Sleeping          |       |       |    16 |     2 ||    18
       Petrifying        |       |       |     2 |       ||     2
       Petrified         |       |       |     1 |       ||     1
